 Dungeon Crawl Stone Soup version 0.22.0-49-gab54619 (webtiles) character file.

466 wilfster70 the Spear-Bearer (level 7, 0/54 HPs)
             Began as a Merfolk Gladiator on Sept 5, 2018.
             Slain by an ice beast (14 damage)
             ... on level 5 of the Dungeon on Sept 6, 2018.
             The game lasted 00:14:31 (3361 turns).

wilfster70 the Spear-Bearer (Merfolk Gladiator)     Turns: 3361, Time: 00:14:32

Health: 0/54       AC:  8    Str: 16    XL:     7   Next: 8%
Magic:  7/7        EV: 14    Int:  7    God:
Gold:   149        SH:  0    Dex: 16    Spells: 6/6 levels left

rFire    . . .     SeeInvis .   a - +0 trident
rCold    . . .     Gourm    .   (no shield)
rNeg     . . .     Faith    .   s - +0 ring mail
rPois    .         Spirit   .   c - +0 helmet
rElec    .         Reflect  .   (no cloak)
rCorr    .         Harm     .   m - +0 pair of gloves
MR       .....                  h - +0 pair of boots
Stlth    +.........             (no amulet)
HPRegen  0.18/turn              (no ring)
MPRegen  0.10/turn              (no ring)

@: lethally poisoned (0 -> -2)
A: change form in water, swift swim, stealthy swim
a: no special abilities


You were on level 5 of the Dungeon.
You were not hungry.

You visited 1 branch of the dungeon, and saw 5 of its levels.

You collected 149 gold pieces.

Inventory:

Hand Weapons
 a - a +0 trident (weapon)
Missiles
 d - 3 throwing nets (quivered)
Armour
 c - a +0 helmet (worn)
 h - a +0 pair of boots (worn)
 m - a +0 pair of gloves (worn)
 s - a +0 ring mail (worn)
 v - a +0 shield
Scrolls
 b - a scroll of fog
 n - 2 scrolls of remove curse
 p - 3 scrolls of teleportation
 q - a scroll of fear
Potions
 e - a potion of might {unknown}
 g - 2 potions of curing {unknown}
 i - a potion of invisibility {unknown}
 j - a potion of ambrosia {unknown}
 k - a potion of flight {unknown}
 l - 2 potions of agility {unknown}
 w - a potion of degeneration {unknown}
Comestibles
 f - 8 rations


   Skills:
 + Level 4.1 Fighting
 * Level 8.0 Polearms
 - Level 2.0 Throwing
 + Level 2.2 Armour
 - Level 5.0 Dodging
 + Level 1.1 Shields


You had 6 spell levels left.
You didn't know any spells.
Your spell library was empty.

Dungeon Overview and Level Annotations

Branches:
Dungeon (5/15)             Temple (0/1) D:5

Altars:
Dithmenos
Trog


Message History

The ice beast is heavily wounded.
You hit the ice beast.
The ice beast is heavily wounded.
You feel sick.
The ice beast hits you but does no damage.
You closely miss the ice beast.
The ice beast is heavily wounded.
The ice beast closely misses you.
You hit the ice beast.
The ice beast is severely wounded.
You feel sick. The ice beast hits you. The ice beast freezes you.
You hit the ice beast but do no damage.
The ice beast is severely wounded.
The ice beast hits you. The ice beast freezes you.
You hit the ice beast but do no damage.
The ice beast is severely wounded.
You feel sick. The ice beast hits you.
* * * LOW HITPOINT WARNING * * *
The ice beast freezes you!
You die...

.. ..# ..
#..#########.#
##........!..#
.##.....##.....##
................##
...............$.#
......%...).....?#
.(.....Y@........#
.......(<.........
#)........!......#
#...............!#
##................
##.....##....?...
###..######.♣.♣.
..# ..>. ..# ♣.


You could see an ice beast.

Vanquished Creatures
  A phantom (D:4)
  2 howler monkeys (D:4)
  A hound (D:2)
  An orc priest (D:4)
  A bullfrog skeleton (D:4)
  Natasha (twice) (D:2)
  An orc wizard (D:4)
  An iguana (D:4)
  6 worms
  3 dart slugs
  4 leopard geckos
  7 orcs
  2 ball pythons
  2 giant cockroaches (D:1)
  10 goblins
  7 hobgoblins
  4 jackals (D:1)
  7 kobolds
  A quokka (D:2)
  8 bats
  5 frilled lizards
  A leopard gecko skeleton (D:4)
  6 rats
83 creatures vanquished.

Notes
Turn   | Place    | Note
-------+----------+-------------------------------------------
     0 | D:1      | wilfster70 the Merfolk Gladiator began the quest for the
                  | Orb.
     0 | D:1      | Reached XP level 1. HP: 16/16 MP: 1/1
    40 | D:1      | Reached XP level 2. HP: 18/23 MP: 2/2
   194 | D:1      | Reached skill level 5 in Polearms
   206 | D:1      | Reached XP level 3. HP: 18/28 MP: 3/3
  1189 | D:2      | Reached skill level 1 in Armour
  1189 | D:2      | Reached XP level 4. HP: 23/34 MP: 4/4
  1336 | D:2      | Noticed Natasha
  1348 | D:2      | Killed Natasha
  1348 | D:2      | Reached skill level 6 in Polearms
  1474 | D:2      | Noticed Natasha
  1482 | D:2      | Killed Natasha
  1482 | D:2      | Reached XP level 5. HP: 33/41 MP: 5/5
  1602 | D:2      | Noticed a moth of wrath
  1604 | D:2      | Found a bloodstained altar of Trog.
  1994 | D:3      | Reached skill level 5 in Dodging
  2550 | D:4      | Found a shadowy altar of Dithmenos.
  2629 | D:5      | Entered Level 5 of the Dungeon
  2629 | D:5      | Found a staircase to the Ecumenical Temple.
  2647 | D:4      | Reached XP level 6. HP: 30/47 MP: 6/6
  2671 | D:4      | Reached skill level 7 in Polearms
  3209 | D:5      | Noticed a phantom
  3259 | D:4      | Killed a phantom
  3259 | D:4      | Reached skill level 8 in Polearms
  3259 | D:4      | Reached skill level 1 in Shields
  3259 | D:4      | Reached XP level 7. HP: 40/54 MP: 7/7
  3361 | D:5      | Slain by an ice beast

Skill      XL: |  1  2  3  4  5  6 |
---------------+-------------------+-----
Polearms       | 5 6 8 |  8.0
Armour         | 1 2 |  2.2
Fighting       | 3 4 |  4.1
Dodging        | 5 |  5.0
Shields        | 1 |  1.1
Throwing       | |  2.0

Action                   |  1- 3 |  4- 6 |  7- 9 || total
-------------------------+-------+-------+-------++-------
Melee: Trident           |   133 |   219 |    17 ||   369
  Use: Scroll            |       |     8 |       ||     8
 Stab: Sleeping          |     1 |       |       ||     1
  Eat: Chunk             |     1 |     4 |       ||     5
       Ration            |       |     1 |       ||     1
Armor: Leather armour    |    37 |       |       ||    37
       Ring mail         |       |    70 |     4 ||    74
Dodge: Dodged            |    89 |   144 |     9 ||   242
